 Dungeon Crawl Stone Soup version 0.30-a0-743-gbfdf073431 (webtiles) character file.

Game seed: 15247744912700875276

366 Leeroy the Slasher (level 6, -1/30 HPs)
             Began as a Vine Stalker Warper on Feb 7, 2023.
             Slain by Pikel
             ... wielding a +1 whip of flaming
              (2 damage)
             ... on level 3 of the Dungeon.
             The game lasted 00:03:33 (2890 turns).

Leeroy the Slasher (Vine Stalker Warper)            Turns: 2890, Time: 00:03:34

Health: -1/30      AC: 11    Str: 17    XL:     6   Next: 68%
Magic:  0/10       EV:  5    Int: 13    God:
Gold:   205        SH:  0    Dex: 15    Spells: 4/9 levels left

rFire   . . .      SeeInvis +    a - +0 falchion
rCold   . . .      Faith    .    (no shield)
rNeg    + . .      Spirit   +    j - +0 plate armour
rPois   .          Reflect  .    (no helmet)
rElec   .          Harm     .    (no cloak)
rCorr   .          Rampage  .    i - +0 pair of gloves
Will    .....                    (no boots) Stlth
                                 q - amulet "Rerho" {RegenMP rN+ Str+3 SInv}
HPRegen 1.05/turn                (no ring)
MPRegen 0.52/turn                (no ring)

@: no status effects
A: fangs 2, regeneration 1, magic shield, antimagic bite, no potion heal 2
a: no special abilities


You were on level 3 of the Dungeon.
You visited 2 branches of the dungeon, and saw 5 of its levels.

You collected 205 gold pieces.

Inventory:

Hand Weapons
 a - a +0 falchion (weapon)
 o - a +0 dagger of freezing
Missiles
 d - 7 boomerangs of dispersal (quivered)
 t - 2 poisoned darts
Armour
 b - a +0 leather armour
 i - a +0 pair of gloves (worn)
 j - a +0 plate armour (worn)
Jewellery
 q - the amulet "Rerho" (around neck) {RegenMP rN+ Str+3 SInv}
   (You found it on level 2 of the Dungeon)

   [amulet of magic regeneration]

   It increases your rate of magic regeneration.
   Str:       It affects your strength (+3).
   rN:        It protects you from negative energy.
   SInv:      It lets you see invisible.
Wands
 x - a wand of flame (9)
Scrolls
 c - a scroll of blinking
 e - a scroll of acquirement {unknown}
 f - 3 scrolls of amnesia {unknown}
 g - a scroll of immolation {unknown}
 h - a scroll of teleportation {unknown}
 m - 3 scrolls of identify {unknown}
 p - a scroll of poison {unknown}
 u - a scroll of vulnerability {unknown}
 v - a scroll of summoning {unknown}
Potions
 k - a potion of heal wounds {unknown}
 l - 3 potions of attraction {unknown}
 n - 3 potions of brilliance {unknown}
 r - a potion of curing {unknown}
 s - a potion of magic {unknown}
 w - a potion of cancellation {unknown}


   Skills:
 - Level 1.7 Fighting
 + Level 6.3 Long Blades
 - Level 0.8 Throwing
 - Level 0.7 Armour
 - Level 1.5 Dodging
 - Level 2.1 Spellcasting
 - Level 3.0 Translocations


You had 4 spell levels left.
You knew the following spells:

 Your Spells              Type           Power      Damage    Failure   Level
a - Blink                 Tloc           18%        N/A       100%        2
b - Vhi's Electric Charg  Tloc/Air       10%        N/A       100%        3

Your spell library contained the following spells:

 Spells                   Type           Power      Damage    Failure   Level
 Lesser Beckoning         Tloc           18%        N/A       100%        2
 Teleport Other           Tloc           9%         N/A       100%        3
 Animate Armour           Summ/Erth      2%         N/A       100%        4
 Manifold Assault         Tloc           9%         N/A       100%        4
 Blade Hands              Tmut           0%         N/A       100%        5
 Iron Shot                Conj/Erth      0%         9d1       100%        6


Dungeon Overview and Level Annotations

Branches:
Dungeon (4/15)             Temple (1/1) D:4

Altars:
Dithmenos
Elyvilon
Fedhas
Gozag
Kikubaaqudgha
Makhleb
Nemelex Xobeh
Okawaru
Qazlal
Ru
Trog
Wu Jian
Xom
Yredelemnul
The Shining One

Annotations:
D:3 Pikel


Innate Abilities, Weirdness & Mutations

You have extremely sharp teeth.
Your natural rate of healing is unusually fast.
When hurt, damage is shared between your health and your magic reserves.
Your bite disrupts and absorbs the magic of your enemies.
Potions cannot restore your health.


Message History

Pikel says, "I just want to get paid!"
Pikel barely misses you.
You hit Pikel. Your bite misses Pikel.
Pikel is heavily wounded.
Pikel hits you with a +1 whip of flaming.
Pikel burns you.
You closely miss Pikel.
Pikel is heavily wounded.
Pikel barely misses you.
You hit Pikel but do no damage. You bite Pikel, but do no damage.
Pikel is heavily wounded.
Pikel hits you but does no damage.
You closely miss Pikel. Your bite misses Pikel.
Pikel is heavily wounded.
Pikel hits you with a +1 whip of flaming.
Pikel burns you.
You closely miss Pikel.
Pikel is heavily wounded.
Pikel barely misses you.
You hit Pikel.
Pikel is severely wounded.
Pikel hits you but does no damage.
You hit Pikel but do no damage. You bite Pikel, but do no damage.
Pikel is severely wounded.
Pikel hits you with a +1 whip of flaming!
* * * LOW HITPOINT WARNING * * *
Pikel burns you.
* * * LOW HITPOINT WARNING * * *
You hit Pikel.
Pikel is severely wounded.
Pikel hits you with a +1 whip of flaming.
* * * LOW HITPOINT WARNING * * *
Pikel burns you.
* * * LOW HITPOINT WARNING * * *
You completely miss Pikel. Your bite misses Pikel.
Pikel is severely wounded.
Pikel hits you with a +1 whip of flaming!
* * * LOW HITPOINT WARNING * * *
Pikel burns you.
You die...

### #########.# #.........#
#K#######.##### #@# #.#...#
########### #.#######K#.#.####
...##.....######......##.#.......
...##.....#.........#.##.###....#
...##...............#.#....#5K...
...###..###.........#.#..#.#.##.#
...##.....##........#.#.(#.......
.......##..##.......#.#....#.##.#
......##....#.......#.#....#.##.#


You could see Pikel.

Vanquished Creatures
  4 lemures (D:3)
  2 phantoms
  A necrophage (D:4)
  A scorpion (D:4)
  4 adders
  2 dart slugs
  8 endoplasms
  4 goblins
  8 hobgoblins
  6 jackals
  3 quokkas
  5 ball pythons
  3 bats
  2 frilled lizards (D:2)
  4 kobolds
  3 rats
60 creatures vanquished.

Notes
Turn   | Place    | Note
-------+----------+-------------------------------------------
     0 | D:1      | Leeroy the Vine Stalker Warper began the quest for the Orb.
     0 | D:1      | Reached XP level 1. HP: 11/11 MP: 4/4
   181 | D:1      | Reached skill level 2 in Long Blades
   290 | D:1      | Reached XP level 2. HP: 15/15 MP: 6/6
  1042 | D:2      | Reached skill level 3 in Long Blades
  1042 | D:2      | Reached XP level 3. HP: 11/18 MP: 7/7
  1442 | D:2      | Identified the amulet "Rerho" {RegenMP rN+ Str+3 SInv}
  1696 | D:3      | Found a shadowy altar of Dithmenos.
  1786 | D:3      | Gained mutation: Your natural rate of healing is unusually
                  | fast. [Vine Stalker growth]
  1786 | D:3      | Reached XP level 4. HP: 23/23 MP: 8/8
  1817 | D:3      | Noticed a phantom
  1824 | D:3      | Found a blossoming altar of Fedhas.
  1826 | D:3      | Killed a phantom
  1827 | D:3      | Reached skill level 4 in Long Blades
  1827 | D:3      | Reached XP level 5. HP: 26/26 MP: 9/9
  1909 | D:3      | Learned a level 2 spell: Blink
  1913 | D:3      | Learned a level 3 spell: Vhi's Electric Charge
  2455 | D:4      | Reached skill level 5 in Long Blades
  2490 | D:4      | Noticed a phantom
  2508 | D:4      | Killed a phantom
  2509 | D:4      | Reached XP level 6. HP: 30/30 MP: 10/10
  2529 | D:4      | Reached skill level 6 in Long Blades
  2626 | D:4      | Found a staircase to the Ecumenical Temple.
  2641 | Temple   | Entered the Ecumenical Temple
  2707 | D:4      | Noticed Pikel
  2890 | D:3      | HP: 1/30 [Pikel/+1 whip of flaming (5)]
  2890 | D:3      | Slain by Pikel

Illustrated notes

Levels and vault maps discovered:
D:1:      heliophobic_arrival_henge, layout_loops_ring, grunt_decor_mini_mirrors
D:2:      layout_basic, nicolae_titane
D:3:      layout_basic, nicolae_dithmenos_through_a_glass_darkly, fedhas_altar_2
D:4:      layout_cave_pools, minmay_temple_entry_mini_moons, uniq_pikel
Temple:   nicolae_temple_god_jail

Skill      XL: |  1  2  3  4  5  6 |
---------------+-------------------+-----
Long Blades    | 2 3 4 5 6 |  6.3
Fighting       | |  1.7
Throwing       | |  0.8
Armour         | |  0.7
Dodging        | |  1.5
Spellcasting   | |  2.1
Translocations | |  3.0

Action                     |  1- 3 |  4- 6 || total
---------------------------+-------+-------++-------
  Melee: Falchion          |    97 |   178 ||   275
         Bite              |    18 |    46 ||    64
         Punch             |     2 |       ||     2
 Armour: Leather armour    |     5 |       ||     5
         Plate armour      |    90 |   181 ||   271
  Dodge: Dodged            |    58 |    80 ||   138

Table legend: (Time is in decaauts)
 A = Elapsed time spent in this place.
 B = Non-inter-level travel time spent in this place.
 C = Inter-level travel time spent in this place.
 D = Time resting spent in this place.
 E = Time spent auto-exploring this place.
 F = Levels seen in this place.
 G = Mean time per level.
                   A        B        C        D        E       F      G
               +--------+--------+--------+--------+--------+-----+--------+
         Total |   2908 |   2854 |     54 |      9 |   2180 |   5 |  581.6 |
       Dungeon |   2855 |   2814 |     41 |      9 |   2151 |   4 |  713.8 |
        Temple |     53 |     40 |     13 |      0 |     29 |   1 |   53.0 |
               +--------+--------+--------+--------+--------+-----+--------+

Top non-repeatable levels by time:
     D:2: 981 daAuts
     D:3: 917 daAuts
     D:1: 674 daAuts
     D:4: 281 daAuts
  Temple: 53 daAuts
